 Dungeon Crawl Stone Soup version bcrawl-1.27.6 (webtiles) character file.

Game seed: 2721911025200511079

237229 Faustar the Magician (level 6, -1/36 HPs)
             Began as a Fairy Wizard on Sept 27, 2020.
             Killed by nerve-wracking pain
             ... invoked by Grinder
              (5 damage)
             ... on level 3 of the Dungeon.
             The game lasted 00:09:05 (2365 turns).

Faustar the Magician (Fairy Wizard)                 Turns: 2365, Time: 00:09:06

Health: -1/36      AC:  2    Str:  5    XL:     6   Next: 82%
Magic:  13/18      EV: 21    Int: 24    God:
Gold:   181        SH:  5    Dex: 12    Spells: 5/19 levels left

rFire    + . .     SeeInvis .     - Fangs (venom) (3.8)
rCold    . . .     Gourm    .   (shield currently unavailable)
rNeg     + . .     Faith    .   (armour unavailable)
rPois    x         Spirit   .   (helmet currently unavailable)
rElec    .         Reflect  .   (cloak currently unavailable)
rCorr    .         Harm     .   (gloves currently unavailable)
MR       .....                  (boots currently unavailable)
Stlth    ..........             (no amulet)
HPRegen  0.12/turn              s - ring of Tuejampa {rF+ rN+ Dex-3 Stlth--} (curse)
MPRegen  0.16/turn              (no ring)

@: spider-form (expiring), flying evasively, very slightly contaminated
A: tiny, magic attunement, unstealthy, unfitting armour, AC/SH +5
a: End Transformation


You were on level 3 of the Dungeon.
You were not hungry.
You were a venomous arachnid creature.
You visited 1 branch of the dungeon, and saw 3 of its levels.

You collected 181 gold pieces.

Inventory:

Hand Weapons
 a - a +0 staff
 u - a +2 dagger of draining (melded)
Armour
 b - a +0 hat
 m - a +2 hat of intelligence (melded)
Jewellery
 s - the cursed ring of Tuejampa (left front leg) {rF+ rN+ Dex-3 Stlth--}
   (You found it on level 2 of the Dungeon)

   [ring of attention]

   It affects your dexterity (-3).
   It protects you from fire.
   It protects you from negative energy.
   It makes you much less stealthy.
   It has a curse placed upon it.
Wands
 t - a wand of flame (9)
Scrolls
 f - 4 scrolls of teleportation {unknown}
 i - 2 scrolls of identify
 k - a scroll of enchant armour {unknown}
 n - a scroll of amnesia {unknown}
 o - a scroll of fog {unknown}
 v - a scroll of magic mapping {unknown}
 w - a scroll of blinking {unknown}
 x - a scroll of remove curse {unknown}
Potions
 c - 2 potions of haste {unknown}
 d - 2 potions of brilliance
 g - a potion of cancellation {unknown}
 h - a potion of curing {unknown}
 j - a potion of might {unknown}
 l - a potion of mutation {unknown}
 p - a potion of magic {unknown}
 r - a potion of heal wounds {unknown}
Comestibles
 e - 8 rations {!d}
 q - 4 chunks of flesh


   Skills:
 - Level 2.6 Dodging
 - Level 1.5 Stealth
 + Level 7.0 Spellcasting
 + Level 5.7 Conjurations
 - Level 1.1 Summonings
 - Level 1.1 Translocations


You had 5 spell levels left.
You knew the following spells:

 Your Spells              Type           Power        Failure   Level  Hunger
a - Magic Dart            Conj           ####         4%          1    None
b - Blink                 Tloc           N/A          19%         2    None
c - Call Imp              Summ           ##....       19%         2    None
d - Conjure Flame         Conj/Fire      ###.....     19%         3    None
e - Spider Form           Tmut/Pois      #..          43%         3    None
f - Mephitic Cloud        Conj/Pois/Air  ###.....     24%         3    None

Your spell library contained the following spells:

 Spells                   Type           Power        Failure   Level  Hunger


Dungeon Overview and Level Annotations

Branches:
Dungeon (3/12)

Altars:
Ashenzari
Cheibriados

Annotations:
D:3 Grinder


Innate Abilities, Weirdness & Mutations

Your spells do not cause hunger and MP costs are reduced by 1.
Your bright wings attract enemies. (Stealth-)
You cannot fit into any form of body armour.
((Your shimmering scales are hard and can block incoming attacks. (AC +5, SH +5)))
You are small and have problems with some larger weapons.
((You can fly continuously.))


Message History

Unknown command.
Unknown command.
Unknown command.
Unknown command.
Unknown command.
Your crimson imp closely misses the kobold.
Your crimson imp blinks! x2
The kobold completely misses your crimson imp.
Casting: Spider Form (slightly dangerous; 43% risk of failure)
Confirm with . or Enter, or press ? or * to list all spells.
Okay, then.
Unknown command.
Unknown command.
You hit Grinder but do no damage.
Grinder is heavily wounded.
Your crimson imp completely misses Grinder.
Grinder says, "My boss said I was rubbish.
His entrails said otherwise."
Grinder gestures at you. Pain shoots through your body!
You die...

.........#..<.#####.).)####..#
...........#### #.#)....##.#
.......#.#.### #.......##.#
.......#.....# ###.....##.#
.<.....###.#.## #.....##.###
.......# #....# #.....#....#
......## ##...#####
#....).....# .....## #.......#
#.....#....# .>..##
#.....s5#########....##
#......5K.).)...#......
##.#####.ยง#####........ ....
.##5.######...... ###..
..........#...... #...
.......<..#...... ....
.................
...........#..)..
........####.....


You could see Grinder, a kobold and 2 friendly crimson imps.

Vanquished Creatures
  Sigmund (D:3)
  An ogre (D:3)
  An orc priest (D:3)
  A worker ant (D:3)
  Robin (D:3)
  3 adders
  An ooze (D:2)
  2 worms (D:3)
  A dart slug (D:2)
  4 leopard geckos
  4 orcs
  3 ball pythons (D:1)
  5 bats
  A giant cockroach (D:2)
  7 goblins
  3 hobgoblins
  2 jackals (D:2)
  5 frilled lizards
  6 kobolds
  13 rats
65 creatures vanquished.

Vanquished Creatures (collateral kills)
  2 worms
  A dart slug (D:2)
  A leopard gecko (D:2)
  7 goblins
  3 hobgoblins
  2 jackals (D:2)
  A quokka (D:2)
  A ball python (D:2)
  A kobold (D:3)
  2 rats (D:2)
21 creatures vanquished.

Grand Total: 86 creatures vanquished

Notes
Turn   | Place    | Note
-------+----------+-------------------------------------------
     0 | D:1      | Faustar the Fairy Wizard began the quest for the Orb.
     0 | D:1      | Reached XP level 1. HP: 11/11 MP: 7/7
     3 | D:1      | Noticed an electric eel
     3 | D:1      | Noticed an electric eel
    88 | D:1      | Reached XP level 2. HP: 17/17 MP: 9/9
   103 | D:1      | Learned a level 2 spell: Blink
   106 | D:1      | Learned a level 2 spell: Call Imp
   819 | D:2      | Reached XP level 3. HP: 21/21 MP: 11/11
   854 | D:2      | Found a snail-covered altar of Cheibriados.
   925 | D:2      | Reached skill level 5 in Spellcasting
  1196 | D:2      | Reached XP level 4. HP: 7/27 MP: 9/13
  1355 | D:2      | Got an ancient lapis lazuli ring
  1356 | D:2      | Identified the cursed ring of Tuejampa {rF+ rN+ Dex-3
                  | Stlth--} (You found it on level 2 of the Dungeon)
  1645 | D:3      | Learned a level 3 spell: Conjure Flame
  1649 | D:3      | Learned a level 3 spell: Spider Form
  1673 | D:3      | Noticed Robin
  1822 | D:3      | Noticed an ogre
  1847 | D:3      | Killed an ogre
  1847 | D:3      | Reached XP level 5. HP: 31/31 MP: 11/15
  1873 | D:3      | Learned a level 3 spell: Mephitic Cloud
  1888 | D:3      | Reached skill level 6 in Spellcasting
  1913 | D:3      | Killed Robin
  1973 | D:3      | Found a shattered altar of Ashenzari.
  2269 | D:3      | Noticed Sigmund
  2292 | D:3      | Killed Sigmund
  2292 | D:3      | Reached skill level 5 in Conjurations
  2292 | D:3      | Reached XP level 6. HP: 33/36 MP: 12/17
  2333 | D:3      | Reached skill level 7 in Spellcasting
  2350 | D:3      | Noticed Grinder
  2361 | D:3      | Paralysed by Grinder for 3 turns
  2365 | D:3      | Killed from afar by Grinder

Skill      XL: |  1  2  3  4  5  6 |
---------------+-------------------+-----
Conjurations   | 2 3 4 5 |  5.7
Spellcasting   | 5 6 7 |  7.0
Dodging        | |  2.6
Stealth        | |  1.5
Summonings     | |  1.1
Translocations | |  1.1

Action                   |  1- 3 |  4- 6 || total
-------------------------+-------+-------++-------
Melee: Staff             |    78 |    16 ||    94
       Unarmed           |       |     9 ||     9
       Dagger            |       |     9 ||     9
 Cast: Magic Dart        |    51 |    69 ||   120
       Call Imp          |    16 |    20 ||    36
       Blink             |     2 |       ||     2
       Conjure Flame     |       |     3 ||     3
       Spider Form       |       |     2 ||     2
       Mephitic Cloud    |       |     7 ||     7
  Eat: Chunk             |     3 |     6 ||     9
Armor: Skin              |    22 |     8 ||    30
Dodge: Dodged            |    92 |    37 ||   129
Block: Other             |    26 |     7 ||    33
